 Dungeon Crawl Stone Soup version 0.25.1-2-g60ff931df9 (webtiles) character file.

Game seed: 10059940181922942728

417 ew1980 the Insei (level 6, 0/47 HPs)
             Began as a Gnoll Transmuter on Nov 21, 2020.
             Slain by an orc wizard
             ... wielding a +0 dagger
              (3 damage)
             ... on level 4 of the Dungeon.
             The game lasted 00:08:42 (4760 turns).

ew1980 the Insei (Gnoll Transmuter)                 Turns: 4760, Time: 00:08:42

Health: 0/47       AC:  2    Str: 13    XL:     6   Next: 93%
Magic:  14/14      EV: 15    Int: 16    God:
Gold:   168        SH:  0    Dex: 16    Spells: 4/15 levels left

rFire    . . .     SeeInvis .     - Unarmed
rCold    . . .     Gourm    .   (no shield)
rNeg     . . .     Faith    .   b - +0 robe
rPois    .         Spirit   .   (no helmet)
rElec    .         Reflect  .   (no cloak)
rCorr    .         Harm     .   (no gloves)
MR       .....                  (no boots)
Stlth    ++........             (no amulet)
HPRegen  0.15/turn              (no ring)
MPRegen  0.14/turn              (no ring)

@: no status effects
A: distributed training, fangs 1, strong nose
a: no special abilities


You were on level 4 of the Dungeon.
You were very hungry.

You visited 1 branch of the dungeon, and saw 5 of its levels.

You collected 168 gold pieces.

Inventory:

Hand Weapons
 o - a +1 short sword of flaming
 r - a +0 dagger of draining
Missiles
 a - 52 arrows
Armour
 b - a +0 robe (worn)
 n - a +0 buckler
 v - a +1 chain mail of magic resistance
Magical Staves
 t - an uncursed staff of wizardry {unknown}
Jewellery
 j - an uncursed amulet of magic regeneration {unknown}
 u - an uncursed ring of flight {unknown}
Wands
 w - a wand of polymorph (7)
Scrolls
 c - a scroll of enchant weapon {unknown}
 f - a scroll of immolation
 h - 2 scrolls of amnesia
 m - 2 scrolls of magic mapping {unknown}
Potions
 e - 2 potions of magic
 g - a potion of haste
 i - a potion of curing
 k - a potion of ambrosia
 l - a potion of mutation
 p - a potion of heal wounds {unknown}
 s - a potion of flight {unknown}
 x - a potion of brilliance {unknown}
Comestibles
 d - 6 rations


   Skills:
 + Level 3.3 Fighting
 + Level 2.1 Short Blades
 + Level 2.1 Long Blades
 + Level 2.1 Axes
 + Level 2.1 Maces & Flails
 + Level 2.1 Polearms
 + Level 2.1 Staves
 + Level 2.1 Slings
 + Level 2.1 Bows
 + Level 2.1 Crossbows
 + Level 2.1 Throwing
 + Level 2.1 Armour
 + Level 5.0 Dodging
 + Level 2.1 Stealth
 + Level 2.1 Shields
 + Level 6.9 Unarmed Combat
 + Level 5.4 Spellcasting
 + Level 1.7 Conjurations
 + Level 1.7 Hexes
 + Level 1.7 Charms
 + Level 1.7 Summonings
 + Level 1.7 Necromancy
 + Level 1.7 Translocations
 + Level 4.2 Transmutations
 + Level 1.7 Fire Magic
 + Level 1.7 Ice Magic
 + Level 1.7 Air Magic
 + Level 1.7 Earth Magic
 + Level 1.7 Poison Magic
 + Level 2.3 Invocations
 + Level 2.1 Evocations


You had 4 spell levels left.
You knew the following spells:

 Your Spells              Type           Power        Failure   Level  Hunger
a - Beastly Appendage     Tmut           ###...       2%          1    None
b - Sticks to Snakes      Tmut           ###.....     4%          2    #......
c - Spider Form           Tmut/Pois      ##........   13%         3    ###....
d - Blade Hands           Tmut           ###.......   58%         5    ######.

Your spell library contained the following spells:

 Spells                   Type           Power        Failure   Level  Hunger
 Ice Form                 Ice/Tmut       ##......     41%         4    ####...


Dungeon Overview and Level Annotations

Branches:
Dungeon (5/15)
 Temple: D:4-7

Altars:


Innate Abilities, Weirdness & Mutations

Your experience applies equally to all skills.
You have very sharp teeth.
Your uncanny sense of smell can sniff out nearby items.


Message History

Something hits you. The orc hits you with a +0 flail!
* * * LOW HITPOINT WARNING * * *
Your adder bites the orc but does no damage.
You barely miss the orc.
Your ball python bites the orc.
Your ball python closely misses the orc.
Your adder bites the orc but does no damage.
You hear some strange, mumbled words.
A magic dart appears from out of thin air!
The magic dart hits you.
* * * LOW HITPOINT WARNING * * *
You punch the orc!
You kill the orc!
You barely miss something. Something hits you but does no damage.
You miss something. Your bite misses something. Something hits you.
* * * LOW HITPOINT WARNING * * *
Unknown command.
You hit something. Something hits you.
* * * LOW HITPOINT WARNING * * *
You hit something. Something hits you.
You die...

##.#. ### ### #####.#.
#.#.. .. #....... #.#.#
#. #.###.## ###.#.#
#.###.###.# ###...#.##
#.........# .........#
###.#.#.### #.....{).#
#.#.#(# #.....S@S#
#.#.#.#### #........#
##.#.#.....
##.....#.#####..........
##.................####
#......##)........#
##.###........#.#.# ...
#..#.###.#.#># ###.
#..........#.#
#..#.###..##.#


You could see a friendly adder and a friendly ball python.

Vanquished Creatures
  A phantom (D:4)
  A scorpion (D:2)
  2 orc priests (D:3)
  An orc wizard (D:3)
  Ijyb (D:3)
  Terence (D:3)
  A gnoll (D:1)
  5 adders
  An ooze (D:3)
  An adder skeleton (D:4)
  2 worms
  A dart slug (D:2)
  A leopard gecko (D:1)
  9 orcs
  A ball python (D:2)
  6 giant cockroaches
  8 goblins
  4 hobgoblins
  3 jackals (D:1)
  A ball python skeleton (D:4)
  3 bats
  4 frilled lizards
  7 kobolds
  8 rats
73 creatures vanquished.

Vanquished Creatures (collateral kills)
  2 adders
  A kobold (D:2)
3 creatures vanquished.

Grand Total: 76 creatures vanquished

Notes
Turn   | Place    | Note
-------+----------+-------------------------------------------
     0 | D:1      | ew1980 the Gnoll Transmuter began the quest for the Orb.
     0 | D:1      | Reached XP level 1. HP: 17/17 MP: 6/6
   314 | D:1      | Reached XP level 2. HP: 21/23 MP: 5/7
   329 | D:1      | Learned a level 2 spell: Sticks to Snakes
   518 | D:1      | Reached XP level 3. HP: 28/28 MP: 9/9
   567 | D:1      | Reached skill level 5 in Spellcasting
  1146 | D:2      | Reached skill level 1 in Invocations
  1496 | D:2      | Reached skill level 1 in Short Blades
  1496 | D:2      | Reached skill level 1 in Long Blades
  1496 | D:2      | Reached skill level 1 in Axes
  1496 | D:2      | Reached skill level 1 in Maces & Flails
  1496 | D:2      | Reached skill level 1 in Polearms
  1496 | D:2      | Reached skill level 1 in Staves
  1496 | D:2      | Reached skill level 1 in Slings
  1496 | D:2      | Reached skill level 1 in Bows
  1496 | D:2      | Reached skill level 1 in Crossbows
  1496 | D:2      | Reached skill level 1 in Throwing
  1496 | D:2      | Reached skill level 1 in Armour
  1496 | D:2      | Reached skill level 1 in Stealth
  1496 | D:2      | Reached skill level 1 in Shields
  1496 | D:2      | Reached skill level 1 in Evocations
  1502 | D:2      | Reached XP level 4. HP: 21/34 MP: 11/11
  2089 | D:2      | Reached skill level 1 in Conjurations
  2089 | D:2      | Reached skill level 1 in Hexes
  2089 | D:2      | Reached skill level 1 in Charms
  2089 | D:2      | Reached skill level 1 in Summonings
  2089 | D:2      | Reached skill level 1 in Necromancy
  2089 | D:2      | Reached skill level 1 in Translocations
  2089 | D:2      | Reached skill level 1 in Fire Magic
  2089 | D:2      | Reached skill level 1 in Ice Magic
  2089 | D:2      | Reached skill level 1 in Air Magic
  2089 | D:2      | Reached skill level 1 in Earth Magic
  2089 | D:2      | Reached skill level 1 in Poison Magic
  2089 | D:2      | Reached XP level 5. HP: 26/40 MP: 9/12
  2705 | D:2      | Learned a level 3 spell: Spider Form
  2711 | D:2      | Learned a level 5 spell: Blade Hands
  3211 | D:3      | Reached XP level 6. HP: 15/47 MP: 13/13
  3732 | D:3      | You fall into a shaft and drop 2 floors!
  3732 | D:5      | Entered Level 5 of the Dungeon
  3818 | D:3      | Noticed Terence
  3839 | D:3      | Killed Terence
  3865 | D:3      | Noticed Ijyb
  3886 | D:3      | Killed Ijyb
  3886 | D:3      | Reached skill level 5 in Dodging
  4198 | D:4      | Noticed a phantom
  4570 | D:4      | Killed a phantom
  4760 | D:4      | Slain by an orc wizard

Illustrated notes

Levels and vault maps discovered:
D:1:      matt_arrival_diagonals, layout_rooms, serial_rivers,
          chequers_serial_rivers_small_a, chequers_serial_rivers_micro_b,
          chequers_serial_rivers_micro_a, chequers_serial_rivers_marsh,
          chequers_serial_rivers_micro_e
D:2:      minmay_spotlight, layout_basic, minmay_curled_crystal,
          minmay_misc_feat_roman, minmay_tetromino_o4
D:3:      layout_rooms, uniq_terence, uniq_ijyb
D:4:      layout_loops_ring, roderic_lattice_a
D:5:      layout_rooms, minmay_temple_entry_wispy, first_ration

Skill      XL: |  1  2  3  4  5  6 |
---------------+-------------------+-----
Spellcasting   | 5 |  5.4
Invocations    | 1 2 |  2.3
Short Blades   | 1 2 |  2.1
Long Blades    | 1 2 |  2.1
Axes           | 1 2 |  2.1
Maces & Flails | 1 2 |  2.1
Polearms       | 1 2 |  2.1
Staves         | 1 2 |  2.1
Slings         | 1 2 |  2.1
Bows           | 1 2 |  2.1
Crossbows      | 1 2 |  2.1
Throwing       | 1 2 |  2.1
Armour         | 1 2 |  2.1
Stealth        | 1 2 |  2.1
Shields        | 1 2 |  2.1
Evocations     | 1 2 |  2.1
Conjurations   | 1 |  1.7
Hexes          | 1 |  1.7
Charms         | 1 |  1.7
Summonings     | 1 |  1.7
Necromancy     | 1 |  1.7
Translocations | 1 |  1.7
Fire Magic     | 1 |  1.7
Ice Magic      | 1 |  1.7
Air Magic      | 1 |  1.7
Earth Magic    | 1 |  1.7
Poison Magic   | 1 |  1.7
Fighting       | 3 |  3.3
Transmutations | 4 |  4.2
Dodging        | 5 |  5.0
Unarmed Combat | |  6.9

Action                   |  1- 3 |  4- 6 || total
-------------------------+-------+-------++-------
Melee: Unarmed           |    89 |   174 ||   263
       Bite              |     9 |    16 ||    25
       Headbutt          |     1 |     8 ||     9
       Kick              |     2 |     6 ||     8
       Punch             |     1 |     4 ||     5
 Cast: Beastly Appendage |     2 |     5 ||     7
       Sticks to Snakes  |     2 |     8 ||    10
       Spider Form       |       |     1 ||     1
  Use: Scroll            |       |     9 ||     9
 Stab: Distracted        |       |     2 ||     2
       Sleeping          |       |     1 ||     1
  Eat: Chunk             |     2 |     9 ||    11
Armor: Robe              |    23 |    12 ||    35
Dodge: Dodged            |    82 |   110 ||   192
